 Dungeon Crawl Stone Soup version 0.30-a0-643-g638baaf3f0 (webtiles) character file.

Game seed: 7466654792625416567

357 Dirtsage the Changer (level 6, -4/45 HPs)
             Began as an Octopode Transmuter on Jan 16, 2023.
             Killed from afar by Dowan (12 damage)
             ... with a shard of ice
             ... on level 4 of the Dungeon.
             The game lasted 00:05:56 (2698 turns).

Dirtsage the Changer (Octopode Transmuter)          Turns: 2698, Time: 00:05:57

Health: -4/45      AC: 11    Str:  9    XL:     6   Next: 64%
Magic:  6/9        EV: 10    Int: 18    God:
Gold:   185        SH:  0    Dex: 12    Spells: 2/9 levels left

rFire   x . .      SeeInvis .      - Unarmed
rCold   + + +      Faith    .    (shield currently unavailable)
rNeg    . . .      Spirit   .    (helmet currently unavailable)
rPois   +          Reflect  .    (no amulet)
rElec   .          Harm     .    b - +4 ring of protection
rCorr   .          Rampage  .    d - ring of flight
Will    .....                    (no ring)
Stlth   +                        (no ring)
HPRegen 0.27/turn                (no ring)
MPRegen 0.11/turn                (no ring)
                                 (no ring)
                                 (no ring)

@: ice-form, flying
A: freezing attack, boosted hp, almost no armour, amphibious, 8 rings, large,
(camouflage 1), (gelatinous body 1), (nimble swimmer 1), (tentacles)
a: End Transformation


You were on level 4 of the Dungeon.
You were a creature of crystalline ice.
You visited 1 branch of the dungeon, and saw 4 of its levels.

You collected 185 gold pieces.

Inventory:

Magical Staves
 k - a staff of conjuration
Jewellery
 b - a +4 ring of protection (left front paw)
 d - a ring of flight (right front paw)
Scrolls
 g - a scroll of fear
 i - 2 scrolls of identify
 j - a scroll of blinking {unknown}
 l - a scroll of amnesia {unknown}
 m - 2 scrolls of vulnerability {unknown}
 n - a scroll of fog {unknown}
 o - a scroll of teleportation {unknown}
 r - a scroll of noise {unknown}
Potions
 a - 3 potions of lignification
 c - 2 potions of curing {unknown}
 e - a potion of ambrosia {unknown}
 f - a potion of berserk rage {unknown}
 h - a potion of attraction {unknown}
 p - a potion of haste {unknown}
 q - a potion of magic {unknown}
 s - a potion of degeneration {unknown}


   Skills:
 - Level 1.0 Fighting
 - Level 2.0 Dodging
 - Level 3.0 Unarmed Combat
 - Level 2.0 Spellcasting
 * Level 5.0 Transmutations
 * Level 4.4 Ice Magic


You had 2 spell levels left.
You knew the following spells:

 Your Spells              Type           Power      Damage    Failure   Level
a - Beastly Appendage     Tmut           38%        N/A       2%          1
b - Wereblood             Tmut           19%        N/A       3%          2
c - Ice Form              Ice/Tmut       18%        N/A       26%         4

Your spell library contained the following spells:

 Spells                   Type           Power      Damage    Failure   Level
 Scorch                   Fire           2%         2d5       26%         2
 Spider Form              Tmut/Pois      10%        N/A       19%         3
 Stone Arrow              Conj/Erth      2%         3d7       47%         3
 Flame Wave               Conj/Fire      1%         2d4       87%         4
 Summon Cactus Giant      Summ           0%         N/A       100%        6
 Lehudib's Crystal Spear  Conj/Erth      0%         10d2      100%        8
 Animate Armour           Summ/Erth      Unusable   N/A       N/A         4

Dungeon Overview and Level Annotations

Branches:
Dungeon (4/15)
 Temple: D:4-7

Altars:
Ru
Vehumet
Zin

Annotations:
D:4 Dowan


Innate Abilities, Weirdness & Mutations

You are a creature of crystalline ice.
You have a powerful freezing melee attack.
Your maximum health is increased.
Your armour is entirely melded.
You are incapable of wielding weapons or throwing items.
You cannot wear most types of armour.
You are amphibious.
You can wear up to eight rings at the same time.
((Your skin changes colour to match your surroundings (Stealth+).))
((Your rubbery body absorbs attacks. (AC +1, EV +1)))
((You are camouflaged when in or above water. (Stealth+)))
((You have tentacles for arms and can constrict up to eight enemies at once.))


Message History

Dowan points at Duvessa and mumbles some strange words.
Duvessa seems to speed up.
Duvessa hits you but does no damage.
You hit Duvessa but do no damage.
Duvessa is heavily wounded.
Duvessa hits you with a +0 rapier. x2
You take 7 damage, and have 28/45 hp.
You punch Duvessa! You freeze Duvessa.
Duvessa is severely wounded.
Dowan barely misses you. Duvessa hits you with a +0 rapier.
You take 2 damage, and have 26/45 hp.
Duvessa attacks as you move away! Duvessa hits you with a +0 rapier. x2
You take 5 damage, and have 21/45 hp.
You hit Duvessa but do no damage.
Duvessa is severely wounded.
Duvessa hits you with a +0 rapier!
* * * LOW HITPOINT WARNING * * *
You take 8 damage, and have 13/45 hp.
You punch Duvessa! You freeze Duvessa.
You kill Duvessa!
Dowan screams, "No!
No!"
Dowan seems to find hidden reserves of power!
Dowan hits you but does no damage.
Your Transmutations skill increases to level 5!
Your Ice Magic skill increases to level 4!
You closely miss Dowan. Dowan barely misses you.
You hit Dowan. You freeze Dowan.
Dowan is moderately wounded.
Dowan closely misses you. Dowan hits you with a +0 dagger.
* * * LOW HITPOINT WARNING * * *
You take 3 damage, and have 10/45 hp.
You closely miss Dowan.
Dowan is moderately wounded.
Dowan hits you with a +0 dagger.
* * * LOW HITPOINT WARNING * * *
You take 2 damage, and have 8/45 hp.
You punch Dowan! You freeze Dowan.
Dowan is almost dead.
Dowan gestures at you while chanting. The shard of ice hits you!
You partially resist.
You die...

###+###+#####
.......#..#.####.#
.......#..#....>e.
##+###'..'.#
+...+.#..#e#
#...#.#..#Y#
#._.#.'##+.#
#...#.#..###
+...'.#.^###
+###'###+..+.#
#.......#..#..
#.......#..#.#
+###+###'###.#
..........#.##


You could see Dowan (fast).

Vanquished Creatures
  Sigmund (D:3)
  Duvessa (D:4)
  2 adders (D:2)
  2 worms (D:2)
  5 dart slugs
  4 orcs (D:3)
  3 endoplasms
  2 giant cockroaches
  7 goblins
  3 hobgoblins
  A jackal (D:2)
  4 quokkas
  8 ball pythons
  8 bats
  3 frilled lizards
  4 kobolds
  4 rats
62 creatures vanquished.

Notes
Turn   | Place    | Note
-------+----------+-------------------------------------------
     0 | D:1      | Dirtsage the Octopode Transmuter began the quest for the
                  | Orb.
     0 | D:1      | Reached XP level 1. HP: 13/13 MP: 3/3
   250 | D:1      | Reached skill level 1 in Ice Magic
   250 | D:1      | Reached XP level 2. HP: 18/18 MP: 3/5
   478 | D:1      | Found a faded altar of an unknown god.
   781 | D:1      | Learned a level 2 spell: Wereblood
   831 | D:2      | Reached XP level 3. HP: 21/23 MP: 4/6
  1010 | D:2      | Reached skill level 3 in Transmutations
  1061 | D:2      | You are sucked into a shaft and drop 1 floor!
  1145 | D:3      | Found a sacrificial altar of Ru.
  1196 | D:3      | Noticed Sigmund
  1383 | D:2      | Reached XP level 4. HP: 27/28 MP: 3/7
  2049 | D:3      | Killed Sigmund
  2050 | D:3      | Reached skill level 4 in Transmutations
  2050 | D:3      | Reached XP level 5. HP: 24/33 MP: 8/8
  2050 | D:3      | Reached XP level 6. HP: 28/38 MP: 9/9
  2095 | D:3      | Identified the +13 plate armour "Omank" {Harm}
  2225 | D:3      | Learned a level 4 spell: Ice Form
  2340 | D:3      | Found a radiant altar of Vehumet.
  2667 | D:4      | Found a glowing silver altar of Zin.
  2681 | D:4      | Noticed Duvessa
  2683 | D:4      | Noticed Dowan
  2694 | D:4      | Killed Duvessa
  2695 | D:4      | Reached skill level 5 in Transmutations
  2698 | D:4      | Killed from afar by Dowan

Illustrated notes

Levels and vault maps discovered:
D:1:      minmay_arrival_cross, layout_loops_ring,
          hellmonk_ecumenical_altar_zigzags, serial_park_tiny_pond, minivault_27
D:2:      minmay_skewed_foursquare, layout_loops_cross, minmay_quadrilaterals
D:3:      layout_loops_cross, fiery_altar_vehumet, lemuel_round_altar,
          chequers_serial_rivers_micro_a, uniq_sigmund
D:4:      layout_basic, nicolae_gozag_cash_rules_everything_around_me,
          mainiacjoe_overflow_24_doors, minmay_temple_entry_poolview,
          gammafunk_ghost_smash, uniq_duvessa, uniq_blork_the_orc

Skill      XL: |  1  2  3  4  5  6 |
---------------+-------------------+-----
Ice Magic      | 1 2 3 4 |  4.4
Transmutations | 3 4 5 |  5.0
Fighting       | |  1.0
Dodging        | |  2.0
Unarmed Combat | |  3.0
Spellcasting   | |  2.0

Action                   |  1- 3 |  4- 6 || total
-------------------------+-------+-------++-------
Melee: Unarmed           |    83 |    67 ||   150
       Constrict         |    22 |    18 ||    40
       Tentacles         |    21 |    16 ||    37
       Punch             |     4 |     4 ||     8
       Kick              |    15 |    12 ||    27
 Cast: Beastly Appendage |    13 |     5 ||    18
       Wereblood         |     1 |     1 ||     2
       Ice Form          |       |     1 ||     1
  Use: Scroll            |       |     1 ||     1
 Stab: Sleeping          |     7 |     7 ||    14
Armor: Skin              |    21 |    21 ||    42
Dodge: Dodged            |    39 |    30 ||    69

Table legend: (Time is in decaauts)
 A = Elapsed time spent in this place.
 B = Non-inter-level travel time spent in this place.
 C = Inter-level travel time spent in this place.
 D = Time resting spent in this place.
 E = Time spent auto-exploring this place.
 F = Levels seen in this place.
 G = Mean time per level.
                   A        B        C        D        E       F      G
               +--------+--------+--------+--------+--------+-----+--------+
         Total |   2689 |   2607 |     82 |      0 |   2156 |   4 |  672.2 |
       Dungeon |   2689 |   2607 |     82 |      0 |   2156 |   4 |  672.2 |
               +--------+--------+--------+--------+--------+-----+--------+

Top non-repeatable levels by time:
     D:2: 945 daAuts
     D:3: 897 daAuts
     D:1: 799 daAuts
     D:4: 46 daAuts
